Map: Overgrowth LE (Void)

Players

Walrai

  • Race: Protoss Protoss
  • League: Gold
  • Spawn Location: 7:00

fropez - Winner!

  • Race: Protoss Protoss
  • League: Gold
  • Spawn Location: 1:00

VOD

Have the link to the VOD?

Description

Time

  • Played on: Dec. 13, 2016, 6:08 p.m.
  • Length: 10:44
Show
View Real Time Build Order
Export as new Build Order

Walrai Protoss 

Build Orders:  

Get SALT Encoding   

  12  0:02  Probe (Chrono Boost)  
  13  0:14  Pylon  
  13  0:18  Probe (Chrono Boost)  
  14  0:28  Probe (Chrono Boost)  
  14  0:35  Gateway  
  15  0:39  Probe (Chrono Boost)  
  16  1:02  Probe (Chrono Boost)  
  17  1:12  Probe (Chrono Boost)  
  18  1:19  Zealot  
  20  1:28  Probe (Chrono Boost)  
  22  1:40  Probe (Chrono Boost)  
  22  1:45  Cybernetics Core  
  22  1:48  Gateway  
  22  1:52  Probe (Chrono Boost)  
  23  1:54  Assimilator  
  23  1:55  Gateway  
  23  1:59  Assimilator  
  23  2:29  Pylon  
  23  2:31  Warp Gate  
  23  2:36  Pylon  
  23  2:42  Pylon  
  23  2:47  Zealot x3  
  23  2:49  Probe (Chrono Boost)  
  30  2:54  Pylon  
  30  3:01  Probe (Chrono Boost)  
  32  3:14  Probe (Chrono Boost), Zealot  
  34  3:20  Gateway  
  34  3:26  Probe (Chrono Boost)  
  35  3:33  Zealot  
  37  3:34  Pylon  
  37  3:36  Zealot  
  37  3:38  Probe (Chrono Boost)  
  40  3:43  Sentry  
  42  3:53  Gateway  
  42  4:00  Sentry  
  36  4:34  Forge, Stalker  
  36  4:35  Stalker  
  40  4:39  Stalker x2  
  44  4:58  Nexus  
  43  5:09  Probe (Chrono Boost)  
  43  5:12  Photon Cannon  
  44  5:19  Pylon  
  44  5:21  Probe (Chrono Boost)  
  37  5:40  Stalker x3  
  42  5:44  Probe (Chrono Boost)  
  42  5:56  Probe (Chrono Boost)  
  43  6:06  Pylon  
  43  6:08  Probe (Chrono Boost)  
  44  6:12  Twilight Council  
  38  6:20  Probe (Chrono Boost)  
  39  6:28  Photon Cannon  
  39  6:32  Probe (Chrono Boost)  
  40  6:40  Photon Cannon  
  40  6:47  Photon Cannon  
  39  7:02  Stalker  
  39  7:03  Stalker  
  43  7:23  Photon Cannon  
  43  7:27  Photon Cannon  
  39  7:43  Protoss Ground Armor Level 1  
  39  7:44  Stalker x4  
  35  7:52  Stalker  
  37  8:04  Probe (Chrono Boost)  
  39  8:05  Probe (Chrono Boost)  
  39  8:15  Probe (Chrono Boost)  
  39  8:17  Probe (Chrono Boost)  
  41  8:25  Probe (Chrono Boost)  
  42  8:30  Probe (Chrono Boost)  
  42  8:39  Stalker x2  
  46  8:50  Probe (Chrono Boost)  
  46  8:51  Probe (Chrono Boost)  
  48  9:01  Probe (Chrono Boost)  
  50  9:03  Probe (Chrono Boost)  
  50  9:05  Assimilator  
  50  9:07  Stalker  
  50  9:08  Assimilator  
  52  9:13  Zealot x2  
  52  9:14  Zealot  
  58  9:33  Probe (Chrono Boost)  
  58  9:34  Probe (Chrono Boost)  
  58  9:37  Stalker x3  
  66  9:43  Probe (Chrono Boost)  
  59  9:46  Probe (Chrono Boost)  
  58  9:58  Pylon  
  24  10:15  Stalker x2  
  24  10:16  Stalker  
Show
View Real Time Build Order
Export as new Build Order

fropez Protoss - Winner!

Build Orders: Nexus First, Oracle Opening 

Get SALT Encoding   

  12  0:02  Probe (Chrono Boost)  
  13  0:12  Probe (Chrono Boost)  
  14  0:26  Pylon  
  14  0:27  Probe (Chrono Boost)  
  15  0:44  Probe (Chrono Boost)  
  16  0:56  Nexus  
  16  0:59  Probe (Chrono Boost)  
  17  1:10  Gateway  
  17  1:14  Probe (Chrono Boost)  
  18  1:20  Assimilator  
  18  1:28  Probe (Chrono Boost)  
  18  1:32  Pylon  
  19  1:38  Probe (Chrono Boost), Assimilator  
  20  1:49  Probe (Chrono Boost)  
  21  2:00  Cybernetics Core  
  21  2:02  Probe (Chrono Boost)  
  22  2:09  Probe (Chrono Boost)  
  22  2:13  Probe (Chrono Boost)  
  24  2:19  Probe (Chrono Boost)  
  25  2:23  Probe (Chrono Boost)  
  25  2:28  Pylon  
  26  2:32  Probe (Chrono Boost)  
  26  2:35  Pylon  
  26  2:36  Probe (Chrono Boost)  
  28  2:37  Pylon  
  28  2:42  Probe (Chrono Boost)  
  28  2:57  Stargate  
  28  2:58  Stargate  
  28  3:03  Pylon  
  28  3:09  Probe (Chrono Boost), Assimilator  
  29  3:13  Assimilator  
  29  3:16  Probe (Chrono Boost)  
  30  3:22  Stalker  
  30  3:24  Probe (Chrono Boost), Warp Gate  
  33  3:38  Oracle  
  33  3:46  Oracle  
  41  3:56  Probe x2 (Chrono Boost)  
  37  4:26  Oracle  
  37  4:30  Probe (Chrono Boost)  
  42  4:31  Probe (Chrono Boost)  
  42  4:33  Oracle  
  45  4:43  Probe x2 (Chrono Boost)  
  47  4:49  Forge  
  47  4:50  Gateway  
  47  4:52  Gateway  
  47  4:55  Probe x2 (Chrono Boost)  
  49  5:05  Oracle x2  
  49  5:13  Protoss Ground Weapons Level 1  
  55  5:20  Mothership Core (Chrono Boost)  
  55  5:38  Protoss Air Weapons Level 1  
  56  5:43  Pylon  
  56  5:44  Probe (Chrono Boost)  
  56  5:45  Probe (Chrono Boost)  
  56  5:47  Pylon  
  56  5:49  Pylon  
  57  5:56  Probe (Chrono Boost)  
  59  5:57  Probe (Chrono Boost)  
  59  5:58  Pylon  
  59  6:08  Probe (Chrono Boost)  
  59  6:09  Probe (Chrono Boost)  
  61  6:21  Adept x3  
  67  6:36  Oracle x2  
  73  6:45  Gateway  
  73  6:46  Probe x2 (Chrono Boost), Gateway  
  75  6:48  Adept x2  
  79  7:07  Adept  
  81  7:12  Adept x2  
  85  7:17  Pylon  
  85  7:29  Nexus  
  85  7:33  Pylon  
  80  7:53  Pylon  
  80  7:57  Pylon  
  80  7:58  Adept x3, Assimilator  
  86  8:02  Assimilator  
  86  8:05  Pylon, Protoss Shields Level 1  
  86  8:06  Protoss Air Armor Level 1  
  86  8:09  Pylon  
  86  8:15  Probe x2 (Chrono Boost)  
  86  8:16  Gateway  
  90  8:28  Probe x2 (Chrono Boost)  
  90  8:34  Adept x4  
  90  8:40  Probe (Chrono Boost)  
  90  8:41  Probe (Chrono Boost)  
  100  8:42  Probe (Chrono Boost)  
  100  8:45  Oracle  
  104  8:50  Oracle  
  104  8:53  Probe (Chrono Boost)  
  108  9:00  Adept x2  
  112  9:18  Probe (Chrono Boost)  
  112  9:19  Probe (Chrono Boost), Photon Cannon  
  112  9:20  Probe (Chrono Boost)  
  112  9:21  Photon Cannon  
  115  9:29  Photon Cannon  
  118  9:38  Probe (Chrono Boost)  
  118  9:39  Probe (Chrono Boost)  
  118  9:40  Probe (Chrono Boost)  
  87  10:38  Adept x4  
  87  10:39  Adept x2  
  94  10:44  Gateway  
Tags
 
Add a new tag
Caveats
  • Supply blocks, unpowered buildings, or Contaminate may cause inaccurate times.
  • Supply counts are checked every 10 seconds.